AoeStats
← NhymeL

MegaRandom

509395848Analyzed
2v2 RM · 7d ago on Sep 26, 2026· 98m 38s· 4 players
Game mode
Random Map
Map size
Medium (4 player)
Population
200
Speed
Normal
Resources
Standard
Victory
Conquest
Starting age
Dark Age
Ending age
Imperial Age
RankedLock teamsTeams togetherTeam positionsShared explorationLock speedFull tech treeHidden civsTurbo modeCheats
Victory
Defeat
🇨🇱 Britons · Chile
814
+14
🇪🇸 Sicilians · Spain
728
+18
🇹🇷 Bulgarians · Türkiye
845
-19
🇹🇷 Franks · Türkiye
707
-13
Sawyer
10:53 Feudal Age
16:18 Castle Age
17:14 Double-Bit Axe
19:48 Loom
20:41 Gambesons
22:59 Fletching
24:21 Bow Saw
23:53 Horse Collar
24:18 Squires
24:04 Arson
26:36 Heavy Plow
27:39 Forging
27:34 Scale Barding Armor
27:31 Scale Mail Armor
30:20 Gold Mining
32:25 Iron Casting
32:05 Chain Mail Armor
34:31 Chain Mail Armor
34:56 Wheelbarrow
34:07 Town Watch
37:51 Imperial Age
35:29 Town Patrol
38:14 Ballistics
37:49 Murder Holes
42:33 Hand Cart
42:57 Crop Rotation
43:03 Gold Shaft Mining
42:18 Stone Mining
43:33 Blast Furnace
42:38 Scale Barding Armor
43:03 Plate Mail Armor
42:32 Bodkin Arrow
42:58 Onager
44:40 Bracer
46:42 Bagains
48:24 Chemistry
48:15 Stone Shaft Mining
48:33 Cavalier
49:13 Husbandry
49:24 Bloodlines
49:12 Stirrups
49:37 Conscription
49:05 Light Cavalry
52:03 Hussar
55:16 Elite Skirmisher
69:34 Padded Archer Armor
84:21 Capped Ram
86:23 Scale Barding Armor
88:10 Siege Ram
92:18 Chain Barding Armor
92:13 Leather Archer Armor
NhymeL
3:12 Loom
11:48 Feudal Age
16:17 Double-Bit Axe
18:45 Arson
21:08 Castle Age
20:13 Forging
20:36 Scale Barding Armor
22:25 Chain Barding Armor
22:10 Husbandry
24:01 Iron Casting
22:50 Pikeman
23:29 Gold Mining
24:15 Scale Mail Armor
24:52 Gambesons
25:09 Squires
29:10 Gold Shaft Mining
31:33 Chain Mail Armor
32:34 Stone Mining
36:46 Imperial Age
36:25 Light Cavalry
38:53 Bow Saw
39:18 Conscription
39:41 Halberdier
41:03 Plate Barding Armor
40:40 Capped Ram
44:38 Blast Furnace
45:14 Masonry
44:35 Cavalier
48:56 Chivalry
48:37 Paladin
58:04 Man-at-Arms
59:28 Long Swordsman
62:18 Two-Handed Swordsman
76:10 Elite Skirmisher
76:14 Cranequins
77:24 Padded Archer Armor
77:15 Fletching
78:26 Leather Archer Armor
83:14 Plate Mail Armor
82:52 Bodkin Arrow
88:30 Hoardings
Tribamell
10:37 Feudal Age
11:29 Horse Collar
11:35 Double-Bit Axe
18:27 Arson
21:54 Castle Age
20:02 Arson
20:19 Scale Mail Armor
20:52 Gold Mining
20:55 Stone Mining
21:19 Forging
21:33 Fletching
23:47 Iron Casting
23:27 Chain Mail Armor
24:01 Wheelbarrow
23:14 Town Watch
23:16 Loom
27:58 Bodkin Arrow
29:39 Stone Shaft Mining
29:40 Gold Shaft Mining
32:37 Bow Saw
32:30 Heavy Plow
36:47 Imperial Age
38:46 Town Patrol
39:01 Hand Cart
39:01 Elite Serjeant
39:59 Guilds
39:26 Pikeman
39:53 Gambesons
42:31 Chemistry
41:52 Ballistics
41:28 Murder Holes
42:22 Halberdier
43:03 Squires
44:32 Caravan
45:25 Plate Mail Armor
45:55 Blast Furnace
47:15 Blast Furnace
46:16 Bracer
46:41 Conscription
46:56 Hoardings
54:14 Arrowslits
54:40 Masonry
79:40 Crop Rotation
Cruzapo
13:37 Feudal Age
11:52 Loom
17:10 Castle Age
15:18 Double-Bit Axe
15:48 Horse Collar
17:10 Stone Mining
18:18 Bow Saw
19:02 Pikeman
20:16 Elite Skirmisher
23:51 Fervor
23:28 Town Watch
25:58 Gold Mining
28:27 Treadmill Crane
29:08 Ballistics
30:58 Squires
30:45 Arson
32:32 Wheelbarrow
32:05 Guard Tower
32:24 Caravan
33:20 Fletching
33:30 Padded Archer Armor
33:41 Forging
33:31 Scale Mail Armor
33:46 Heavy Plow
34:43 Gold Shaft Mining
35:07 Yeomen
36:50 Hand Cart
36:35 Town Patrol
39:00 Bodkin Arrow
39:21 Leather Archer Armor
42:02 Imperial Age
40:16 Masonry
40:18 Murder Holes
41:45 Iron Casting
41:25 Chain Mail Armor
43:09 Conscription
42:35 Halberdier
44:45 Elite Longbowman
45:27 Warwolf
47:16 Two-Man Saw
48:13 Hoardings
48:47 Chemistry
53:06 Bracer
53:36 Ring Archer Armor
54:07 Blast Furnace
53:37 Plate Mail Armor
53:16 Siege Engineers
82:53 Man-at-Arms
83:18 Gambesons
87:06 Long Swordsman
98:26 Two-Handed Swordsman
Connection lost

Rejoining the realm…

Still unreachable

The connection could not be restored.

Session expired

The server has moved on; the page needs a fresh start.